 Dungeon Crawl Stone Soup version 0.28-a0-773-g130ae17fe5 (webtiles) character file.

Game seed: 13196078114214722979

15 cheechan the Skirmisher (level 2, 0/28 HPs)
             Began as a Naga Fighter on Nov 1, 2021.
             Slain by a kobold (1 damage)
             ... on level 1 of the Dungeon.
             The game lasted 00:00:59 (288 turns).

cheechan the Skirmisher (Naga Fighter)               Turns: 288, Time: 00:00:59

Health: 0/28       AC:  4    Str: 18    XL:     2   Next: 50%
Magic:  2/2        EV:  7    Int:  8    God:
Gold:   68         SH:  4    Dex: 10    Spells: 1/1 levels left

rFire   . . .      SeeInvis +   a - +0 war axe
rCold   . . .      Faith    .   c - +0 buckler
rNeg    . . .      Spirit   .   b - +0 scale mail
rPois   +          Reflect  .   (no helmet)
rElec   .          Harm     .   (no cloak)
rCorr   .          Rampage  .   (no gloves)
Will    .....                   (no barding)
Stlth   ..........              (no amulet)
HPRegen 0.09/turn               (no ring)
MPRegen 0.08/turn               (no ring)

@: very slow
A: AC +0, large, see invisible, deformed body, poison resistance, slowness 2,
spit poison 1, naga tail 1
a: Spit Poison


You were on level 1 of the Dungeon.
You visited 1 branch of the dungeon, and saw 1 of its levels.

You collected 68 gold pieces.

Inventory:

Hand Weapons
 a - a +0 war axe (weapon)
Missiles
 f - 8 bolts
Armour
 b - a +0 scale mail (worn)
 c - a +0 buckler (worn)
Scrolls
 e - a scroll of enchant weapon {unknown}
Potions
 d - a potion of might
 g - a potion of heal wounds {unknown}


   Skills:
 + Level 3.2 Fighting
 + Level 2.1 Axes
 + Level 2.6 Armour
 + Level 2.6 Shields


You had one spell level left.
You didn't know any spells.
Your spell library was empty.

Dungeon Overview and Level Annotations

Branches:
Dungeon (1/15)

Altars:


Innate Abilities, Weirdness & Mutations

Your serpentine skin is tough. (AC +0)
You have supernaturally acute eyesight. (SInv)
Armour fits poorly on your strangely shaped body.
Your system is resistant to poisons. (rPois)
You cover ground very slowly.
You can spit poison.
You have a snake-like lower body.


Message History

* * * LOW HITPOINT WARNING * * *
You closely miss the ball python.
The ball python is severely wounded.
You hit the plant.
The ball python bites you but does no damage.
You slash the ball python!
You kill the ball python!
You hit the plant.
A nearby plant withers and dies.
Found 11 gold pieces.
There is a faded altar of an unknown god here.
A frilled lizard comes into view.
The frilled lizard hisses angrily.
You see here 8 gold pieces.
Abil: Spit Poison
Press: ? - help, Q - select action Shift-Dir - straight line, f - frilled lizard
Aim: a frilled lizard The splash of poison hits the frilled lizard!
You kill the frilled lizard!
Unknown command.
You now have 57 gold pieces (gained 8).
You have got your breath back.
You see here a +0 dagger.
There is a faded altar of an unknown god here.
You now have 68 gold pieces (gained 11).
A hobgoblin and a kobold come into view.
The hobgoblin shouts!
The kobold shouts!
The hobgoblin barely misses you. The hobgoblin closely misses you.
The kobold hits you but does no damage. The hobgoblin hits you.
The kobold hits you with a +0 short sword.
* * * LOW HITPOINT WARNING * * *
The kobold barely misses you.
You barely miss the hobgoblin. You barely miss the kobold.
The hobgoblin hits you.
* * * LOW HITPOINT WARNING * * *
The kobold closely misses you.
You hit the kobold but do no damage. You hit the hobgoblin.
You kill the hobgoblin!
The kobold hits you with a +0 short sword.
You die...

### ####.## ### ##.....
... #.#.##.# #.#
P##.##.# #.#
.##....#########.#
...#.............# #
P..#........###..#.####
...#..##.##.# #.@K....#
..P.#.##.##.# #.##..#.#
....#.##.##.# #.# #.#
....#.##.##.# #.# .#
.PPP#.#...#.# #.# #
#####.......# #.# ...P#
#. ..P.# #. .P.P#


You could see a kobold.

Vanquished Creatures
  A goblin (D:1)
  4 hobgoblins (D:1)
  2 quokkas (D:1)
  3 ball pythons (D:1)
  A bat (D:1)
  3 frilled lizards (D:1)
  3 rats (D:1)
17 creatures vanquished.

Vanquished Creatures (others)
  A fungus (D:1)
  A plant (D:1)
2 creatures vanquished.

Grand Total: 19 creatures vanquished

Notes
Turn   | Place    | Note
-------+----------+-------------------------------------------
     0 | D:1      | cheechan the Naga Fighter began the quest for the Orb.
     0 | D:1      | Reached XP level 1. HP: 21/21 MP: 1/1
   109 | D:1      | Reached XP level 2. HP: 14/28 MP: 2/2
   209 | D:1      | Found a faded altar of an unknown god.
   287 | D:1      | HP: 1/28 [hobgoblin (3)]
   288 | D:1      | Slain by a kobold

Illustrated notes

Levels and vault maps discovered:
D:1:      psy_arrival_basics, layout_loops_ring, shapermc_ecumenical_altar_gd

Action                   || total
-------------------------++-------
Melee: War axe           ||    42
 Abil: Spit Poison       ||     1
Armor: Scale mail        ||    23
Dodge: Dodged            ||    21
Block: Buckler           ||     4

Table legend: (Time is in decaauts)
 A = Elapsed time spent in this place.
 B = Non-inter-level travel time spent in this place.
 C = Inter-level travel time spent in this place.
 D = Time resting spent in this place.
 E = Time spent auto-exploring this place.
 F = Levels seen in this place.
 G = Mean time per level.
                   A        B        C        D        E       F      G
               +--------+--------+--------+--------+--------+-----+--------+
         Total |    399 |    399 |      0 |      0 |      0 |   1 |  399.0 |
       Dungeon |    399 |    399 |      0 |      0 |      0 |   1 |  399.0 |
               +--------+--------+--------+--------+--------+-----+--------+

Top non-repeatable levels by time:
     D:1: 399 daAuts
